 Dungeon Crawl Stone Soup version 0.28-a0-1629-gf728b707aa (webtiles) character file.

Game seed: 7541980121756445810

837 Shayle the Insei (level 7, 0/75 HPs)
             Began as a Demonspawn Warper on Jan 24, 2022.
             Slain by a water moccasin (7 damage)
             ... on level 6 of the Dungeon.
             The game lasted 00:16:11 (4963 turns).

Shayle the Insei (Demonspawn Warper)                Turns: 4963, Time: 00:16:12

Health: 0/75       AC: 23    Str: 11    XL:     7   Next: 66%
Magic:  7/10       EV:  2    Int: 15    God:
Gold:   362        SH:  4    Dex: 14    Spells: 5/10 levels left

rFire   . . .      SeeInvis .   r - +2 dagger (venom)
rCold   . . .      Faith    .   (no shield)
rNeg    . . .      Spirit   .   (armour currently unavailable)
rPois   +          Reflect  .   (helmet currently unavailable)
rElec   .          Harm     .   (cloak currently unavailable)
rCorr   .          Rampage  .   (gloves currently unavailable)
Will    .....      NoTele   +   (boots currently unavailable)
Stlth   +.........              t - amulet of regeneration
HPRegen 1.02/turn               v - ring of wizardry
MPRegen 0.12/turn               (no ring)

@: lethally poisoned (0 -> 0), tree-form
A: stationary, stasis, torment immunity, boosted hp, (large bone plates 1),
condensation shield, (demonic touch 1)
a: no special abilities


You were on level 6 of the Dungeon.
You were a tree.
You visited 1 branch of the dungeon, and saw 7 of its levels.
You also visited: Sewer.

You collected 362 gold pieces.

Inventory:

Hand Weapons
 l - a +2 dagger of pain
 p - a +0 lajatang
 r - a +2 dagger of venom (weapon)
Missiles
 c - 2 boomerangs of dispersal (quivered)
 f - 12 poisoned darts
Armour
 a - a +0 leather armour (melded)
 g - a scarf of repulsion (melded)
 i - a +2 helmet (melded)
 w - a +1 pair of gloves (melded)
Jewellery
 m - a ring of flight
 t - an amulet of regeneration (around neck)
 v - a ring of wizardry (left branch)
Scrolls
 e - 2 scrolls of magic mapping
 j - a scroll of vulnerability {unknown}
 k - a scroll of fog
 o - a scroll of fear {unknown}
 s - a scroll of enchant weapon {unknown}
 x - a scroll of identify
Potions
 n - a potion of lignification


   Skills:
 - Level 2.0 Fighting
 - Level 0.8 Throwing
 - Level 0.8 Armour
 - Level 1.7 Dodging
 + Level 6.2 Unarmed Combat
 - Level 2.0 Spellcasting
 + Level 6.1 Necromancy
 - Level 2.6 Translocations


You had 5 spell levels left.
You knew the following spells:

 Your Spells              Type           Power      Damage    Failure   Level
a - Blink                 Tloc           18%        N/A       4%          2
b - Vampiric Draining     Necr           19%        2d7       2%          3

Your spell library contained the following spells:

 Spells                   Type           Power      Damage    Failure   Level
 Slow                     Hex            4%         N/A       9%          1
 Gell's Gravitas          Tloc           9%         N/A       9%          3
 Lesser Beckoning         Tloc           9%         N/A       9%          3
 Teleport Other           Tloc           9%         N/A       9%          3
 Confusing Touch          Hex            1%         N/A       26%         3
 Ignite Poison            Fire/Tmut/Pois 1%         N/A       26%         3
 Mephitic Cloud           Conj/Pois/Air  1%         N/A       26%         3
 Manifold Assault         Tloc           9%         N/A       58%         5
 Freezing Cloud           Conj/Ice/Air   0%         6-21      91%         5


Dungeon Overview and Level Annotations

Branches:
Dungeon (7/15)              Sewer (visited)
 Temple: D:4-7

Altars:
Kikubaaqudgha
Qazlal
Ru
Vehumet
Xom
The Shining One

Annotations:
D:3 Sigmund
D:6 Menkaure
D:7 Harold


Innate Abilities, Weirdness & Mutations

You are a tree.
Your roots penetrate the ground, keeping you stationary.
You cannot be teleported.
You are immune to unholy pain and torment.
Your maximum health is greatly increased.
Your equipment is partially melded.
((You are partially covered in large bone plates. (SH +4)))
A meltable shield of frost defends you. (SH +4)
((Your touch may inflict minor irresistible damage on your foes.))


Message History

You feel very sick.
You block the bullfrog skeleton's attack.
The water moccasin closely misses you. The bullfrog skeleton hits you.
* * * LOW HITPOINT WARNING * * *
Unknown command.
You hit the bullfrog skeleton.
The bullfrog skeleton is almost destroyed.
You feel sick.
The water moccasin bites you but does no damage.
You block the bullfrog skeleton's attack.
A scorpion comes into view.
You block the water moccasin's attack.
Really quaff the potion of lignification?
You turn into a tree.
Your scarf of repulsion melds into your body.
Your +2 helmet melds into your body.
Your +1 pair of gloves melds into your body.
Your +0 leather armour melds into your body.
The haze of the repulsion field disappears.
Your roots penetrate the ground.
You feel sick.
The bullfrog skeleton hits you but does no damage.
The water moccasin bites you but does no damage.
Unknown command.
You hit the bullfrog skeleton.
The bullfrog skeleton is almost destroyed.
You feel sick. The water moccasin bites you.
* * * LOW HITPOINT WARNING * * *
The bullfrog skeleton hits you but does no damage.
Unknown command.
Okay, then.
As you read the scroll of fog, it crumbles to dust.
The scroll dissolves into smoke.
You feel sick.
The water moccasin bites you but does no damage.
The bullfrog skeleton hits you but does no damage.
The water moccasin bites you but does no damage.
Unknown command.
You hit the water moccasin.
The water moccasin is severely wounded.
You feel sick. The water moccasin bites you!
You die...

#.......$.# #.# #.# #o#
## #.# ... ##.#######
.... ####.>oO.o... .....
#.......o#####§.....
#.......Oo{S♣sZ§.Z..
#####.......o#####§§....
..........(### .....
.[.........# ....
...........# ...
...........# ..
...........# #
....[...#### ........#


You could see an orc warrior, a water moccasin (poisoned), an ogre, a scorpion,
an orc wizard, an orc and a bullfrog skeleton.

Vanquished Creatures
  A sky beast (D:5)
  An ogre (D:7)
  A phantom (D:4)
  3 bullfrogs
  A howler monkey (D:7)
  2 hounds
  An iguana (D:4)
  3 orc wizards
  Terence (D:2)
  6 adders
  A white imp (D:5)
  A worm (D:2)
  2 dart slugs
  4 orcs
  11 ball pythons
  13 endoplasms
  7 giant cockroaches
  4 goblins (D:1)
  5 hobgoblins
  4 jackals (D:4)
  10 kobolds
  8 quokkas
  5 bats (D:1)
  9 frilled lizards
  11 rats
115 creatures vanquished.

Vanquished Creatures (others)
  A centaur skeleton (D:7)
  A fungus (D:1)
  5 toadstools (D:1)
7 creatures vanquished.

Grand Total: 122 creatures vanquished

Notes
Turn   | Place    | Note
-------+----------+-------------------------------------------
     0 | D:1      | Shayle the Demonspawn Warper began the quest for the Orb.
     0 | D:1      | Reached XP level 1. HP: 16/16 MP: 3/3
   309 | D:1      | Gained mutation: Your touch may inflict minor irresistible
                  | damage on your foes. [demonic ancestry]
   309 | D:1      | Reached XP level 2. HP: 21/22 MP: 5/5
   872 | D:1      | Found a faded altar of an unknown god.
   986 | D:1      | Reached XP level 3. HP: 27/27 MP: 6/6
  1430 | D:2      | Found a stormy altar of Qazlal.
  1441 | D:2      | Noticed Terence
  1463 | D:2      | Killed Terence
  1464 | D:2      | Reached skill level 1 in Necromancy
  1714 | D:2      | Gained mutation: You are partially covered in large bone
                  | plates. (SH +4) [demonic ancestry]
  1714 | D:2      | Reached XP level 4. HP: 33/33 MP: 7/7
  2334 | D:3      | Found a sacrificial altar of Ru.
  2542 | D:3      | Noticed Sigmund
  2603 | D:4      | Noticed a phantom
  3029 | D:3      | Gained mutation: A meltable shield of frost defends you.
                  | (SH +4) [demonic ancestry]
  3029 | D:3      | Reached XP level 5. HP: 38/38 MP: 8/8
  3032 | D:3      | Learned a level 2 spell: Blink
  3036 | D:3      | Learned a level 3 spell: Vampiric Draining
  3295 | D:4      | Found a shimmering altar of Xom.
  3532 | D:4      | Found a radiant altar of Vehumet.
  3580 | D:4      | Killed a phantom
  3888 | D:5      | Entered Level 5 of the Dungeon
  3933 | D:5      | Reached XP level 6. HP: 41/44 MP: 9/9
  3997 | D:5      | Found a glowing drain.
  4008 | Sewer    | Entered a sewer
  4203 | Sewer    | Reached skill level 5 in Unarmed Combat
  4405 | D:5      | Found an ancient bone altar of Kikubaaqudgha.
  4650 | D:5      | Noticed Menkaure
  4662 | D:6      | Noticed a sky beast
  4675 | D:6      | Reached skill level 5 in Necromancy
  4675 | D:6      | Reached XP level 7. HP: 48/50 MP: 10/10
  4685 | D:6      | Noticed a yak
  4693 | D:5      | HP: 2/50 [Menkaure (13)]
  4885 | D:7      | Noticed Harold
  4899 | D:7      | Noticed a wraith
  4900 | D:7      | HP: 1/50 [ogre (6)]
  4900 | D:7      | Identified the +1 leather armour "Nyiponel" {Str+6 Dex-4}
  4900 | D:7      | Noticed a deep elf pyromancer
  4901 | D:7      | Noticed a green ugly thing
  4910 | D:7      | Noticed a fire elemental
  4963 | D:6      | Slain by a water moccasin

Illustrated notes

Levels and vault maps discovered:
D:1:      minmay_arrival_radiant_lines, layout_basic,
          dilly_ecumenical_altar_fadedgnrine, minmay_gold_behind_fungi,
          minmay_misc_feat_four_crosses
D:2:      layout_basic, basic_altar, uniq_terence
D:3:      layout_loops_cross, nicolae_ru_sacrificial_ziggurat, minivault_27,
          uniq_sigmund
D:4:      layout_basic, lemuel_tele_altar,
          mainiacjoe_overflow_concentric_impassable,
          mainiacjoe_overflow_boulevard
D:5:      layout_gridville, grunt_dithmenos_smoke_and_mirrors,
          mainiacjoe_overflow_six_doors_small, temple_hall,
          portal_sewer_entry_d, minmay_manual_monstrance, uniq_menkaure,
          uniq_pikel
D:6:      layout_basic, minmay_manual_mess
D:7:      minmay_the_grid_square_5x5_3x3
          [minmay_the_grid_square_5x5_spiral_small,
          minmay_the_grid_square_5x5_dogpile,
          minmay_the_grid_square_5x5_three_small,
          minmay_the_grid_square_5x5_three,
          minmay_the_grid_square_5x5_megaprize_diamond,
          minmay_the_grid_square_5x5_two, minmay_the_grid_square_5x5_bite,
          minmay_the_grid_square_5x5_six_small,
          minmay_the_grid_square_5x5_longway], layout_loops_corners,
          amcnicky_altar_gilded, uniq_harold, uniq_maggie

Skill      XL: |  1  2  3  4  5  6  7 |
---------------+----------------------+-----
Unarmed Combat | 2 3 4 5 6 |  6.2
Necromancy     | 1 2 3 5 6 |  6.1
Fighting       | |  2.0
Throwing       | |  0.8
Armour         | |  0.8
Dodging        | |  1.7
Spellcasting   | |  2.0
Translocations | |  2.6

Action                   |  1- 3 |  4- 6 |  7- 9 || total
-------------------------+-------+-------+-------++-------
Melee: Unarmed           |    72 |       |       ||    72
       Punch             |     3 |     4 |     1 ||     8
       Touch             |    17 |    45 |     6 ||    68
       Dagger            |    40 |   249 |    40 ||   329
Throw: Boomerang         |       |     2 |     1 ||     3
 Cast: Vampiric Draining |       |       |     3 ||     3
  Use: Scroll            |       |     9 |     8 ||    17
       Potion            |       |     2 |     3 ||     5
 Stab: Distracted        |     1 |       |       ||     1
       Sleeping          |     1 |     2 |       ||     3
Armor: Leather armour    |    37 |    68 |    21 ||   126
       Skin              |       |       |     6 ||     6
Dodge: Dodged            |    63 |   109 |    32 ||   204
Block: Other             |       |    82 |    27 ||   109

Table legend: (Time is in decaauts)
 A = Elapsed time spent in this place.
 B = Non-inter-level travel time spent in this place.
 C = Inter-level travel time spent in this place.
 D = Time resting spent in this place.
 E = Time spent auto-exploring this place.
 F = Levels seen in this place.
 G = Mean time per level.
                   A        B        C        D        E       F      G
               +--------+--------+--------+--------+--------+-----+--------+
         Total |   5026 |   4973 |     53 |    440 |   2598 |   8 |  628.2 |
       Dungeon |   4586 |   4533 |     53 |    431 |   2587 |   7 |  655.1 |
         Sewer |    439 |    439 |      0 |      9 |     11 |   1 |  439.0 |
               +--------+--------+--------+--------+--------+-----+--------+

Top non-repeatable levels by time:
     D:1: 1167 daAuts
     D:2: 1074 daAuts
     D:3: 908 daAuts
     D:4: 734 daAuts
   Sewer: 439 daAuts
     D:5: 422 daAuts
     D:7: 158 daAuts
     D:6: 121 daAuts
